 Dungeon Sprint DCSS version 0.30-a0-50-gb2d611f6b1 (webtiles) character file.

Game seed: 2008539058545191048

15 rocky1 the Shield-Bearer (level 2, -4/25 HPs)
             Began as a Formicid Fighter on Sept 5, 2022.
             Was an Initiate of Okawaru.
             Slain by a river rat (7 damage)
             ... in the Dungeon (Sprint VII: "The Pits").
             The game lasted 00:01:15 (409 turns).

rocky1 the Shield-Bearer (Formicid Fighter)          Turns: 409, Time: 00:01:16

Health: -4/25      AC:  7    Str: 20    XL:     2   Next: 65%
Magic:  2/2        EV: 10    Int:  7    God:    Okawaru [......]
Gold:   0          SH:  5    Dex: 13    Spells: 1/1 levels left

rFire   . . .      SeeInvis +    a - +0 war axe
rCold   . . .      Faith    .    c - +0 buckler
rNeg    . . .      Spirit   .    b - +0 scale mail
rPois   .          Reflect  .    (helmet unavailable)
rElec   .          Harm     .    (no cloak)
rCorr   .          Rampage  .    (no gloves)
Will    .....                    (no boots)
Stlth   ..........               (no amulet)
HPRegen 0.08/turn                (no ring)
MPRegen 0.08/turn                (no ring)

@: no status effects
A: permanent stasis, dig shafts and tunnels, antennae 3, four strong arms
a: Dig, Renounce Religion


You were in the Dungeon.
You worshipped Okawaru.
Okawaru was noncommittal.
You visited 1 branch

Inventory:

Hand Weapons
 a - a +0 war axe (weapon)
Armour
 b - a +0 scale mail (worn)
 c - a +0 buckler (worn)
Scrolls
 i - 5 scrolls of amnesia
 j - a scroll of summoning
Potions
 d - a potion of might
 e - a potion of curing
 g - 4 potions of magic
 h - 2 potions of invisibility


   Skills:
 + Level 4.0 Fighting
 * Level 3.4 Axes
 + Level 3.9 Armour
 + Level 1.4 Dodging
 + Level 4.7 Shields


You had one spell level left.
You didn't know any spells.
Your spell library was empty.

Dungeon Overview and Level Annotations

Branches:
Dungeon (1/1)

Altars:
Ashenzari
Cheibriados
Dithmenos
Elyvilon
Fedhas
Gozag
Hepliaklqana
Kikubaaqudgha
Makhleb
Nemelex Xobeh
Okawaru
Qazlal
Ru
Sif Muna
Trog
Uskayaw
Vehumet
Wu Jian
Xom
Yredelemnul
Zin
The Shining One
Jiyva
Lugonu


Innate Abilities, Weirdness & Mutations

You cannot be hasted, slowed, berserked, paralysed or teleported.
You can dig through walls and to a lower floor.
You have a pair of large antennae on your head. (SInv)
Your four strong arms can wield two-handed weapons with a shield.


Message History

The ball python skeleton constricts you.
The river rat barely misses you.
Unknown command.
Okay, then.
You escape the ball python skeleton's grasp.
The gnoll hits you from afar with a +0 spear.
The river rat attacks as you move away!
The river rat bites you but does no damage.
There is an open door here.
The river rat attacks as you move away! The river rat barely misses you.
You closely miss the river rat. The river rat barely misses you.
You hit the river rat but do no damage.
The river rat bites you but does no damage.
You closely miss the river rat.
The river rat bites you but does no damage.
The gnoll hits you from afar with a +0 spear.
The river rat barely misses you.
You closely miss the river rat.
The gnoll hits you from afar with a +0 spear.
You block the river rat's attack.
You feel much better. You block the river rat's attack.
The gnoll closely misses you.
You hit the river rat but do no damage. The river rat bites you.
You block the gnoll's attack.
You closely miss the river rat.
The river rat bites you but does no damage.
The gnoll closely misses you. x2; The river rat bites you.
You closely miss the river rat. The gnoll hits you but does no damage.
The river rat bites you.
You slash the river rat!
The river rat is almost dead.
You block the river rat's attack.
The gnoll hits you from afar with a +0 spear.
You barely miss the river rat.
The river rat is almost dead.
You block the river rat's attack. The gnoll hits you but does no damage.
The gnoll hits you from afar with a +0 spear.
* * * LOW HITPOINT WARNING * * *
The river rat bites you!
You die...

#.?(!')))'.##......#.
##########.##........
#..........)'........
#+#####)#####......#.
#..#..# #........
#..'..# ####'####
#..#### #.......#
#..#..# #.......#
#.@#.g# #.......#
##r#..#+###...<...#
#.g......##.......#
#........##.......#
###########.......# {
{{ ######### { { {


You could see a gnoll and a river rat.

Vanquished Creatures
  A gnoll (D)
  A bat zombie (D)
  A hobgoblin (D)
  2 bats (D)
  A kobold (D)
  A quokka zombie (D)
7 creatures vanquished.

Notes
Turn   | Place    | Note
-------+----------+-------------------------------------------
     0 | D        | rocky1 the Formicid Fighter began the quest for the Orb.
     0 | D        | Reached XP level 1. HP: 18/18 MP: 1/1
    17 | D        | Reached skill level 1 in Dodging
    17 | D        | Reached XP level 2. HP: 18/25 MP: 2/2
   206 | D        | Found a bloodstained altar of Trog.
   206 | D        | Found a shimmering blue altar of Sif Muna.
   206 | D        | Found a viscous altar of Jiyva.
   206 | D        | Found a hazy altar of Hepliaklqana.
   206 | D        | Found an opulent altar of Gozag.
   228 | D        | Found a glowing golden altar of the Shining One.
   228 | D        | Found a glowing silver altar of Zin.
   228 | D        | Found a basalt altar of Yredelemnul.
   228 | D        | Found a shimmering altar of Xom.
   228 | D        | Found an ornate altar of the Wu Jian Council.
   228 | D        | Found a sacrificial altar of Ru.
   228 | D        | Found a stormy altar of Qazlal.
   228 | D        | Found an iron altar of Okawaru.
   228 | D        | Found a sparkling altar of Nemelex Xobeh.
   228 | D        | Found a burning altar of Makhleb.
   228 | D        | Found a blossoming altar of Fedhas.
   228 | D        | Found a white marble altar of Elyvilon.
   228 | D        | Found a shadowy altar of Dithmenos.
   228 | D        | Found a snail-covered altar of Cheibriados.
   232 | D        | Found a radiant altar of Vehumet.
   232 | D        | Found a corrupted altar of Lugonu.
   233 | D        | Found a hide-covered altar of Uskayaw.
   233 | D        | Found an ancient bone altar of Kikubaaqudgha.
   233 | D        | Found a broken altar of Ashenzari.
   246 | D        | Became a worshipper of Warmaster Okawaru
   409 | D        | Slain by a river rat

Illustrated notes

Levels and vault maps discovered:
D:        pitsprint [storerooms_1, entrance_room_1, metal_vault_8, armoury_3,
          mini_pit_1, grid_room_1, main_hall_1, silver_pit, the_coven_1,
          the_vestibule_1, steel_vault_1, golden_pit, hallway_of_sentries,
          crystal_vault_2, iron_vault_1, final_vault]

Skill      XL: |  1  2 |
---------------+-------+-----
Axes           | 3 |  3.4
Dodging        | 1 |  1.4
Fighting       | 4 |  4.0
Armour         | |  3.9
Shields        | |  4.7

Action                   || total
-------------------------++-------
Melee: War axe           ||    27
  Use: Potion            ||     1
Armor: Scale mail        ||    24
Dodge: Dodged            ||    20
Block: Buckler           ||    11

Table legend: (Time is in decaauts)
 A = Elapsed time spent in this place.
 B = Non-inter-level travel time spent in this place.
 C = Inter-level travel time spent in this place.
 D = Time resting spent in this place.
 E = Time spent auto-exploring this place.
 F = Levels seen in this place.
 G = Mean time per level.
                   A        B        C        D        E       F      G
               +--------+--------+--------+--------+--------+-----+--------+
         Total |    418 |    411 |      7 |    290 |      0 |   1 |  418.0 |
       Dungeon |    418 |    411 |      7 |    290 |      0 |   1 |  418.0 |
               +--------+--------+--------+--------+--------+-----+--------+

Top non-repeatable levels by time:
       D: 418 daAuts
